 Dungeon Crawl Stone Soup version 0.22-a0 (webtiles) character file.

2031 rgaf the Carver (level 9, 0/64 HPs)
             Began as a Vampire Gladiator on Jan 1, 2018.
             Killed from afar by Pikel (11 damage)
             ... with a wand of acid (8)
             ... on level 7 of the Dungeon.
             The game lasted 00:09:31 (8713 turns).

rgaf the Carver (Vampire Gladiator)                 Turns: 8713, Time: 00:09:31

Health: 0/64       AC:  7    Str: 13    XL:     9   Next: 3%
Magic:  9/9        EV: 15    Int: 14    God:
Gold:   292        SH:  2    Dex: 18    Spells: 4/8 levels left

rFire    . . .     SeeInvis +   a - +1 long sword
rCold    + + .     Gourm    .   (no shield)
rNeg     + + .     Faith    .   f - +0 leather armour
rPois    +         Spirit   .   c - +1 helmet
rElec    .         Reflect  +   h - +0 cloak
rCorr    .         Harm     .   n - +0 pair of gloves
MR       .....                  (no boots)
Stlth    ++........             g - +2 amulet of reflection
HPRegen  0.10/turn              o - ring of protection from cold
MPRegen  0.11/turn              u - +3 ring of dexterity

@: regenerating slowly
A: fangs 3, see invisible, unbreathing
a: Bat Form


You were on level 7 of the Dungeon.
You were very thirsty.

You visited 1 branch of the dungeon, and saw 8 of its levels.

You collected 292 gold pieces.

Inventory:

Hand Weapons
 a - a +1 long sword (weapon)
Missiles
 d - 3 throwing nets (quivered)
Armour
 b - a +0 leather armour
 c - a +1 helmet (worn)
 f - a +0 leather armour (worn)
 h - a +0 cloak (worn)
 n - a +0 pair of gloves (worn)
Jewellery
 g - a +2 amulet of reflection (around neck)
 l - an uncursed amulet of regeneration
 o - a ring of protection from cold (left hand)
 u - a +3 ring of dexterity (right hand)
 x - an uncursed ring of protection from cold
 y - an uncursed ring of positive energy {unknown}
Scrolls
 k - a scroll of magic mapping {unknown}
 p - a scroll of brand weapon {unknown}
 r - a scroll of amnesia
 s - 7 scrolls of remove curse
 t - 2 scrolls of teleportation
 D - 4 scrolls of identify
Potions
 i - 2 potions of curing
 m - 2 potions of heal wounds
 q - a potion of degeneration
 z - a potion of resistance
 A - 2 potions of haste
Books
 w - a book of Necromancy

   Spells                             Type                      Level
   a - Pain                           Necromancy                   1
   b - Animate Skeleton               Necromancy                   1
   c - Vampiric Draining              Necromancy                   3
   d - Regeneration                   Charms/Necromancy            3
   e - Animate Dead                   Necromancy                   4
   f - Borgnjor's Vile Clutch         Necromancy/Earth             5


   Skills:
 + Level 3.5 Fighting
 - Level 10.1 Long Blades
 - Level 1.6 Throwing
 + Level 2.5 Armour
 + Level 5.0 Dodging
 + Level 3.4 Necromancy


You had 4 spell levels left.
You knew the following spells:

 Your Spells              Type           Power        Failure   Level  Hunger
a - Animate Skeleton      Necr           N/A          10%         1    ##.....
b - Regeneration          Chrm/Necr      #.........   50%         3    ####...


Dungeon Overview and Level Annotations

Branches:
Dungeon (8/15)             Temple (0/1) D:5
   Lair: D:8-11

Altars:
Trog
Xom
The Shining One

Annotations:
D:7 Pikel; bande's ghost, novice GrFi


Innate Abilities, Weirdness & Mutations

You heal slowly.
You have razor-sharp teeth.
You have supernaturally acute eyesight. (SInv)
You can survive without breathing.


Message History

Pikel burns you.
* * * LOW HITPOINT WARNING * * *
You barely miss Pikel.
Pikel is lightly wounded.
Pikel hits you but does no damage.
You hit Pikel but do no damage.
Pikel is lightly wounded.
You hit Pikel. Your bite misses Pikel.
Pikel is moderately wounded.
Pikel closely misses you.
You slash Pikel! You bite Pikel, but do no damage.
Pikel is moderately wounded.
Pikel barely misses you.
You closely miss Pikel.
Pikel is moderately wounded.
Pikel hits you but does no damage.
You closely miss Pikel.
Pikel is moderately wounded.
Pikel zaps a wand.
The bolt of acid hits you!
You die...

######### ........#
#######.# #######.##
#...##...##
..........##########
..............>.@Kp#
..........########.##
.........##...†.....#
........###.#######.#
......#.# #.# #.#
......#.###†# #.#
#...#.......# #.#
##.########.# #.# #.#
#(# #K#


You could see Pikel and a slave.

Vanquished Creatures
  Sigmund (D:5)
  A sky beast (D:7)
  An ice beast (D:7)
  A necrophage (D:5)
  2 ogres
  2 centaurs (D:7)
  A big kobold (D:7)
  5 bullfrogs (D:7)
  2 scorpions
  3 crimson imps
  2 hounds
  3 orc priests
  3 orc wizards
  2 iguanas
  8 worker ants
  8 adders
  2 shadow imps
  3 oozes
  5 worms
  2 dart slugs
  4 leopard geckos
  15 orcs
  2 ball pythons
  5 giant cockroaches
  7 goblins
  7 hobgoblins
  11 kobolds
  5 quokkas
  11 bats
  6 frilled lizards
  A jackal skeleton (D:4)
  A quokka zombie (D:5)
  6 rats
138 creatures vanquished.

Notes
Turn   | Place    | Note
-------+----------+-------------------------------------------
     0 | D:1      | rgaf the Vampire Gladiator began the quest for the Orb.
     0 | D:1      | Reached XP level 1. HP: 16/16 MP: 1/1
   210 | D:1      | Reached XP level 2. HP: 18/22 MP: 2/2
   783 | D:2      | Reached skill level 4 in Long Blades
   783 | D:2      | Reached XP level 3. HP: 17/27 MP: 3/3
  1072 | D:2      | Reached XP level 4. HP: 33/33 MP: 4/4
  1086 | D:2      | Reached skill level 5 in Long Blades
  1750 | D:3      | Reached XP level 5. HP: 28/38 MP: 5/5
  2276 | D:4      | Reached skill level 6 in Long Blades
  2586 | D:4      | Found a shimmering altar of Xom.
  2586 | D:4      | Found a glowing golden altar of the Shining One.
  3073 | D:4      | Reached XP level 6. HP: 41/44 MP: 6/6
  3120 | D:4      | Reached skill level 7 in Long Blades
  3283 | D:5      | Entered Level 5 of the Dungeon
  4036 | D:5      | Reached skill level 8 in Long Blades
  4036 | D:5      | Reached XP level 7. HP: 27/49 MP: 7/7
  4087 | D:5      | Found a staircase to the Ecumenical Temple.
  4135 | D:5      | Learned a level 1 spell: Animate Skeleton
  4139 | D:5      | Learned a level 3 spell: Regeneration
  4338 | D:5      | Noticed Sigmund
  4348 | D:5      | Killed Sigmund
  4827 | D:5      | Reached skill level 9 in Long Blades
  5060 | D:6      | HP: 2/49 [orc/trident (2)]
  5452 | D:6      | Found a bloodstained altar of Trog.
  5571 | D:6      | Reached XP level 8. HP: 49/55 MP: 8/8
  5873 | D:7      | Noticed bande's ghost (novice GrFi)
  6311 | D:7      | Reached skill level 10 in Long Blades
  6531 | D:7      | Reached skill level 1 in Necromancy
  6573 | D:7      | Reached skill level 1 in Armour
  8388 | D:7      | Reached skill level 5 in Dodging
  8388 | D:7      | Reached XP level 9. HP: 42/64 MP: 9/9
  8406 | D:7      | Noticed Pikel
  8713 | D:7      | Killed from afar by Pikel

Vault maps used:
D:1:      minmay_arrival_three_doors
D:4:      gammafunk_temple_overflow_wave, first_ration
D:5:      minmay_temple_entry_poolview, sigmund_army
D:6:      bloody_trog, minivault_27, water_boxes_lemuel
D:7:      uniq_pikel
D:8:      okawaru_humans, serial_shops, shop, kennysheep_mini, shop_statue,
          shop_statue, uniq_joseph

Skill      XL: |  1  2  3  4  5  6  7  8 |
---------------+-------------------------+-----
Long Blades    | 4 5 6 8 9 10 | 10.1
Fighting       | 3 |  3.5
Necromancy     | 3 |  3.4
Armour         | 2 |  2.5
Dodging        | 5 |  5.0
Throwing       | |  1.6

Action                   |  1- 3 |  4- 6 |  7- 9 || total
-------------------------+-------+-------+-------++-------
Melee: Long sword        |    73 |   226 |   226 ||   525
       Bite              |    10 |    30 |    21 ||    61
 Abil: End Transformatio |       |       |     1 ||     1
       Bat Form          |       |       |     1 ||     1
Evoke: Wand              |       |     3 |     9 ||    12
  Use: Scroll            |       |     2 |    12 ||    14
       Potion            |       |     4 |    18 ||    22
 Stab: Sleeping          |       |    10 |     1 ||    11
       Distracted        |       |     1 |     2 ||     3
Armor: Leather armour    |    24 |    54 |    65 ||   143
Dodge: Dodged            |    58 |   140 |   131 ||   329
Block: Other             |       |    12 |    14 ||    26
       Reflection        |       |       |     1 ||     1
       Rpst.: Long sword |    13 |    47 |    36 ||    96

Table legend:
 A = Spawn XP
 B = Non-spawn XP
 C = Spawn XP percentage of total XP
 D = Spawn monster count
 E = Non-spawn monster count
 F = Spawn count percentage of total count
 G = Total turns spent on level
                    A         B        C        D         E        F      G
               +---------+---------+-------+---------+---------+-------+---------
         Total |       0 |    2902 |   0.0 |       0 |     138 |   0.0 |  8713
               +---------+---------+-------+---------+---------+-------+---------
           D:1 |       0 |      32 |   0.0 |       0 |      14 |   0.0 |   745
           D:2 |       0 |     119 |   0.0 |       0 |      30 |   0.0 |   706
           D:3 |       0 |      75 |   0.0 |       0 |      25 |   0.0 |   726
           D:4 |       0 |     244 |   0.0 |       0 |      10 |   0.0 |  1157
           D:5 |       0 |     698 |   0.0 |       0 |      19 |   0.0 |  1525
           D:6 |       0 |     272 |   0.0 |       0 |      11 |   0.0 |  2027
           D:7 |       0 |    1462 |   0.0 |       0 |      29 |   0.0 |  1552
               +---------+---------+-------+---------+---------+-------+---------
